 Dungeon Crawl Stone Soup version 0.25-a0-591-g2ad0d861f1 (webtiles) character file.

Game seed: 11092788871700965005, levelgen mode: deterministic

10566 kae the Stormcaller (level 11, -6/74 HPs)
             Began as a Black Draconian Air Elementalist on Mar 13, 2020.
             Was a Priest of Vehumet.
             Mangled by a yak (11 damage)
             ... on level 10 of the Dungeon.
             The game lasted 00:13:16 (12974 turns).

kae the Stormcaller (DrAE)                         Turns: 12974, Time: 00:13:17

Health: -6/74      AC:  9    Str: 10    XL:     11   Next: 37%
Magic:  17/33      EV: 12    Int: 19    God:    Vehumet [***...]
Gold:   330        SH:  6    Dex: 12    Spells: 20/28 levels left

rFire    . . .     SeeInvis .   j - +2 whip (vamp)
rCold    . . .     Gourm    .   h - +1 buckler
rNeg     . . .     Faith    .   (armour unavailable)
rPois    +         Spirit   .   (helmet restricted)
rElec    +         Reflect  .   l - +0 cloak
rCorr    .         Harm     .   (no gloves)
MR       .....                  f - +0 pair of boots
Stlth    ++........             v - amulet of magic regeneration
HPRegen  0.22/turn              w - ring of poison resistance
MPRegen  0.48/turn              e - ring of magical power

@: no status effects
A: breathe lightning, unfitting armour, electricity resistance, cold-blooded, AC
+7
a: Breathe Lightning, Renounce Religion


You were on level 10 of the Dungeon.
You worshipped Vehumet.
Vehumet was most pleased with you.
You were near starving.

You visited 1 branch of the dungeon, and saw 10 of its levels.

You collected 535 gold pieces.
You spent 205 gold pieces at shops.

Inventory:

Hand Weapons
 j - a +2 vampiric whip (weapon)
Armour
 f - a +0 pair of boots (worn)
 h - a +1 buckler (worn)
 l - a +0 cloak (worn)
Jewellery
 a - an uncursed ring of ice
 d - an uncursed ring of protection from cold
 e - a ring of magical power (right hand)
 r - an uncursed ring of resist corrosion
 v - an amulet of magic regeneration (around neck)
 w - a ring of poison resistance (left hand)
Wands
 t - a wand of flame (27)
 y - a wand of random effects (10)
 C - a wand of iceblast (19)
 G - a wand of paralysis (4)
Scrolls
 q - 5 scrolls of remove curse
 u - 4 scrolls of teleportation
 B - a scroll of fear
Potions
 c - 2 potions of heal wounds
 g - 3 potions of stabbing
 i - 3 potions of invisibility
 k - 2 potions of lignification {unknown}
 m - 2 potions of mutation {unknown}
 n - 5 potions of cancellation
 o - 3 potions of curing
 p - 2 potions of ambrosia
 s - a potion of haste {unknown}
 x - a potion of brilliance
 D - a potion of might
Comestibles
 b - 8 rations


   Skills:
 - Level 1.7 Dodging
 - Level 1.7 Stealth
 - Level 4.0 Shields
 + Level 9.1 Spellcasting
 - Level 6.0 Conjurations
 * Level 15.5 Air Magic


You had 20 spell levels left.
You knew the following spells:

 Your Spells              Type           Power        Failure   Level  Hunger
a - Shock                 Conj/Air       ####         1%          1    None
b - Static Discharge      Conj/Air       #####...     1%          3    None
c - Airstrike             Air            ######....   1%          4    ###....

Your spell library contained the following spells:

 Spells                   Type           Power        Failure   Level  Hunger
 Dazzling Flash           Conj/Hex       ###...       1%          3    None
 Foxfire                  Conj/Fire      ###.         1%          1    None
 Swiftness                Chrm/Air       #####...     1%          2    None
 Lightning Bolt           Conj/Air       #####.....   1%          5    #####..
 Cause Fear               Hex            #.........   63%         4    ###....
 Dragon Form              Tmut           #.........   100%        7    #######
 Dragon's Call            Summ           #.........   100%        9    #######


Dungeon Overview and Level Annotations

Branches:
Dungeon (10/15)            Temple (0/1) D:6
   Lair: D:8-11         Orc: D:9-12

Altars:
Cheibriados
Dithmenos
Kikubaaqudgha
Vehumet
Zin

Shops:
D:4 *   D:6 (

Annotations:
D:4 exclusion: Dowan


Innate Abilities, Weirdness & Mutations

You can breathe wild blasts of lightning.
Your glossy black scales are hard. (AC +7)
You cannot fit into any form of body armour.
You are resistant to electric shocks. (rElec)
You are cold-blooded and may be slowed by cold attacks.


Message History

The yak gores you but does no damage. You block the yak's attack.
Casting: Static Discharge (safe; 1% risk of failure)
Confirm with . or Enter, or press ? or * to list all spells.
The yak is struck by an arc of lightning!
The yak is severely wounded.
You resist.
You are struck by an arc of lightning.
* * * LOW HITPOINT WARNING * * *
The yak is struck by an arc of lightning!
The yak is almost dead.
The lightning grounds out.
The yak gores you.
* * * LOW HITPOINT WARNING * * *
The yak gores you!
* * * LOW HITPOINT WARNING * * *
Casting: Static Discharge (safe; 1% risk of failure)
Confirm with . or Enter, or press ? or * to list all spells.
The yak is struck by an arc of lightning.
The yak is almost dead.
The lightning grounds out.
The yak gores you!
You die...

#..#.....### ##..........###
##.....##......######
..)..#######........### ###
.##..# ##...........# ###.##
####................†.#####....#
#...................##.....##
##......###........†..).####
....## ###@.....#...## ...##
#.Y..####..## ##..### ##.## .#
##..## #..# .# #..## #..# ..##
#...# #..# #####........... #..#
..#.............. #### .....#
#####.....#


You could see a yak.

Vanquished Creatures
  Harold (D:8)
  5 two-headed ogres
  2 trolls
  A hornet (D:7)
  A hippogriff (D:10)
  A wraith (D:7)
  6 yaks
  2 wyverns
  2 wargs (D:10)
  A soldier ant (D:10)
  Duvessa (D:4)
  3 orc warriors
  3 ice beasts
  A black bear (D:10)
  A phantom (D:8)
  A necrophage (D:8)
  7 ogres
  4 centaurs
  Blork the orc (D:5)
  A big kobold (D:7)
  5 bullfrogs
  Dowan (D:4)
  A scorpion (D:4)
  3 wights (D:5)
  7 killer bees
  2 howler monkeys
  4 crimson imps
  2 bullfrog skeletons
  A centaur zombie (D:6)
  2 centaur skeletons (D:6)
  3 hounds
  3 jellies
  A quasit (D:7)
  8 orc priests
  5 orc wizards
  6 worker ants
  Ijyb (D:4)
  2 iguanas
  2 hound skeletons
  A howler monkey zombie (D:10)
  10 adders
  A shadow imp (D:7)
  An adder skeleton (D:7)
  An adder zombie (D:7)
  2 worms (D:4)
  4 leopard geckos
  26 orcs
  7 bats
  7 giant cockroaches
  4 goblins
  9 hobgoblins
  15 jackals
  6 quokkas
  A ball python (D:1)
  4 frilled lizards
  A giant cockroach zombie (D:5)
  10 kobolds
  A quokka skeleton (D:7)
  9 rats
224 creatures vanquished.

Notes
Turn   | Place    | Note
-------+----------+-------------------------------------------
     0 | D:1      | kae the Draconian Air Elementalist began the quest for the
                  | Orb.
     0 | D:1      | Reached XP level 1. HP: 14/14 MP: 3/3
   336 | D:1      | Reached XP level 2. HP: 19/20 MP: 3/5
  1296 | D:2      | Found a snail-covered altar of Cheibriados.
  1640 | D:2      | Reached XP level 3. HP: 25/26 MP: 0/6
  1950 | D:2      | Found a shadowy altar of Dithmenos.
  2272 | D:3      | Reached skill level 4 in Air Magic
  2332 | D:3      | Reached XP level 4. HP: 32/33 MP: 7/7
  2343 | D:3      | Learned a level 3 spell: Static Discharge
  2348 | D:3      | Learned a level 4 spell: Airstrike
  3428 | D:4      | Noticed an ogre
  3442 | D:4      | Killed an ogre
  3442 | D:4      | Reached XP level 5. HP: 12/38 MP: 0/9
  3743 | D:4      | Noticed an ogre
  3750 | D:4      | Killed an ogre
  3750 | D:4      | Reached skill level 5 in Air Magic
  3750 | D:4      | Reached XP level 6. HP: 45/45 MP: 3/11
  4208 | D:4      | Noticed Ijyb
  4285 | D:4      | Noticed Dowan
  4592 | D:4      | Found a glowing silver altar of Zin.
  4662 | D:4      | Noticed Duvessa
  4679 | D:4      | Killed Duvessa
  4679 | D:4      | Reached skill level 6 in Air Magic
  4679 | D:4      | Your scales start taking on a glossy black colour.
  4679 | D:4      | Reached skill level 7 in Air Magic
  4679 | D:4      | Reached XP level 7. HP: 50/50 MP: 2/12
  4679 | D:4      | Gained mutation: You are resistant to electric shocks.
                  | (rElec) [Black Draconian growth]
  4732 | D:4      | Killed Dowan
  5090 | D:4      | Killed Ijyb
  5193 | D:4      | Found Vuntowur's Assorted Antiques.
  5200 | D:4      | Bought a scroll labeled ICZOAL COIR for 24 gold pieces
  5200 | D:4      | Bought a scroll labeled NIUDOTOICE for 24 gold pieces
  5200 | D:4      | Bought 2 metallic black potions for 43 gold pieces
  5200 | D:4      | Bought a scroll labeled IHO MUNNOA for 24 gold pieces
  5200 | D:4      | Bought a metallic sapphire potion for 21 gold pieces
  5200 | D:4      | Bought a cyan potion for 21 gold pieces
  5200 | D:4      | Bought a scroll of identify for 48 gold pieces
  5296 | D:5      | Entered Level 5 of the Dungeon
  5397 | D:5      | Found a radiant altar of Vehumet.
  5436 | D:5      | Became a worshipper of Vehumet
  5514 | D:5      | Reached skill level 8 in Air Magic
  5984 | D:5      | Noticed Blork the orc
  5987 | D:5      | Killed Blork the orc
  5987 | D:5      | Reached XP level 8. HP: 53/57 MP: 10/14
  6034 | D:5      | Reached skill level 9 in Air Magic
  6442 | D:5      | Reached skill level 5 in Conjurations
  6444 | D:5      | Reached skill level 5 in Spellcasting
  7269 | D:6      | Reached skill level 10 in Air Magic
  7628 | D:6      | Reached * piety under Vehumet
  7628 | D:6      | Offered knowledge of Foxfire by Vehumet.
  7820 | D:6      | Got a warped robe
  7823 | D:6      | Reached XP level 9. HP: 62/62 MP: 17/17
  7891 | D:6      | Found Voirch's Antique Weapon Emporium.
  7930 | D:6      | Found a staircase to the Ecumenical Temple.
  8377 | D:7      | Reached skill level 11 in Air Magic
  8945 | D:7      | Noticed a two-headed ogre
  8951 | D:7      | Killed a two-headed ogre
  8951 | D:7      | Reached skill level 12 in Air Magic
  9053 | D:7      | Noticed a two-headed ogre
  9185 | D:7      | Killed a two-headed ogre
  9185 | D:7      | Reached XP level 10. HP: 69/69 MP: 9/20
  9208 | D:7      | Reached skill level 13 in Air Magic
  9935 | D:8      | Reached ** piety under Vehumet
  9935 | D:8      | Offered knowledge of Freeze by Vehumet.
 10150 | D:8      | Noticed Harold
 10358 | D:8      | Found a glowing silver altar of Zin.
 10364 | D:8      | Found an ancient bone altar of Kikubaaqudgha.
 10743 | D:8      | Killed Harold
 10865 | D:9      | Noticed a two-headed ogre
 10872 | D:9      | Killed a two-headed ogre
 10872 | D:9      | Reached skill level 14 in Air Magic
 11663 | D:9      | Noticed a two-headed ogre
 11675 | D:9      | Killed a two-headed ogre
 11675 | D:9      | Reached XP level 11. HP: 47/74 MP: 8/23
 11853 | D:9      | Noticed a skeletal warrior
 11877 | D:9      | Offered knowledge of Dazzling Flash by Vehumet.
 12095 | D:10     | Entered Level 10 of the Dungeon
 12205 | D:10     | Noticed a two-headed ogre
 12208 | D:10     | Killed a two-headed ogre
 12208 | D:10     | Reached skill level 15 in Air Magic
 12250 | D:10     | Reached *** piety under Vehumet
 12452 | D:10     | HP: 1/74 [orc warrior/+0 glaive (29)]
 12974 | D:10     | Mangled by a yak

Levels and vault maps discovered:
D:1:      sevenhm_arrival_forest_fort_large_2, layout_rooms,
          minmay_misc_feat_iff, corner_web_ring
D:2:      layout_basic, overflow_temple_1_default,
          grunt_dithmenos_smoke_and_mirrors, st_stairs_6
D:3:      layout_basic, first_ration
D:4:      layout_basic, nicolae_overflow_hidden_temple, zin_academy,
          serial_shops, nicolae_shop_trees, uniq_ijyb, uniq_duvessa
D:5:      layout_gridville, overflow_temple_1_default, uniq_blork_the_orc
D:6:      layout_gridville, minmay_temple_entry_statues_fountains, serial_shops,
          kennysheep_mini
D:7:      minmay_the_grid_triangle_9x9_rhombus_full
          [minmay_the_grid_triangle_9x9_zippers_horizontal,
          minmay_the_grid_triangle_9x9_semitri,
          minmay_the_grid_triangle_9x9_zippers_vertical,
          minmay_the_grid_triangle_9x9_warning,
          minmay_the_grid_triangle_9x9_wacky_v,
          minmay_the_grid_triangle_9x9_limited_checkers,
          minmay_the_grid_triangle_9x9_stretched_checkered,
          minmay_the_grid_triangle_9x9_prize_top_heavy], layout_gridville,
          hangedman_abyss_or_decor_lesser_grid
D:8:      layout_cave_pods, overflow_temple_1_default, basic_altar,
          serial_glass, glass_columns_a, glass_columns_b, glass_columns_b,
          uniq_harold
D:9:      layout_layer_cave, grunt_tough_drop
D:10:     layout_layer_cave, erik_lair_orcish_takeover

Skill      XL: |  1  2  3  4  5  6  7  8  9 10 11 |
---------------+----------------------------------+-----
Air Magic      | 4 5 7 8 10 12 14 15 | 15.5
Conjurations   | 2 3 4 5 6 |  6.0
Spellcasting   | 3 4 5 7 8 9 |  9.1
Shields        | 3 4 |  4.0
Dodging        | |  1.7
Stealth        | |  1.7

Action                   |  1- 3 |  4- 6 |  7- 9 | 10-12 || total
-------------------------+-------+-------+-------+-------++-------
Melee: Unarmed           |    48 |       |       |       ||    48
       Tailslap          |     5 |       |     6 |       ||    11
       Whip              |    39 |    10 |    52 |     4 ||   105
 Cast: Shock             |    83 |    88 |   113 |   120 ||   404
       Static Discharge  |       |     8 |    34 |    38 ||    80
       Airstrike         |       |     9 |    48 |    61 ||   118
  Use: Scroll            |     3 |       |     9 |     9 ||    21
  Eat: Chunk             |     5 |    10 |    11 |    11 ||    37
       Ration            |       |       |     4 |     1 ||     5
Armor: Skin              |    51 |    15 |    45 |    32 ||   143
Dodge: Dodged            |    88 |    28 |    74 |    62 ||   252
Block: Buckler           |       |       |       |    24 ||    24

Table legend:
 A = Non-vault XP
 B = Vault XP
 C = Vault XP percentage of total XP
 D = Non-vault monster count
 E = Vault monster count
 F = Vault count percentage of total count
                 A         B        C        D         E       F
            +---------+---------+-------+---------+---------+-------
      Total |   10499 |    4596 |  30.4 |     194 |      30 |  13.4
            +---------+---------+-------+---------+---------+-------
        D:1 |      27 |       0 |   0.0 |      18 |       0 |   0.0
        D:2 |      35 |      13 |  27.1 |      14 |       1 |   6.7
        D:3 |      88 |       0 |   0.0 |      31 |       0 |   0.0
        D:4 |     479 |     262 |  35.4 |      16 |       3 |  15.8
        D:5 |    1196 |     100 |   7.7 |      23 |       1 |   4.2
        D:6 |     612 |       0 |   0.0 |      20 |       0 |   0.0
        D:7 |    1282 |    2653 |  67.4 |      21 |      16 |  43.2
        D:8 |     381 |     997 |  72.4 |      10 |       1 |   9.1
        D:9 |    3664 |      85 |   2.3 |      19 |       1 |   5.0
       D:10 |    2735 |     486 |  15.1 |      22 |       7 |  24.1
            +---------+---------+-------+---------+---------+-------
